[Event "Deutsche Schachbundesliga 2010/11"]
[Site "Germany"]
[Date "2010.12.11"]
[Round "5"]
[White "Cioara, Andrei-Nestor"]
[Black "Malakhatko, Vadim"]
[Result "1/2-1/2"]
[ECO "D79"]
[WhiteElo "2426"]
[BlackElo "2578"]
[PlyCount "148"]
[EventDate "2010.??.??"]
[TimeControl "40/6000+30:20/3000+30:900+30"]

1. Nf3 d5 2. c4 c6 3. g3 Nf6 4. Bg2 g6 5. O-O Bg7 6. cxd5 cxd5 7. d4 O-O 8. Nc3
e6 9. Bf4 Nc6 10. Rc1 Ne4 11. Nxe4 dxe4 12. Ne5 Qxd4 13. Nxc6 bxc6 14. Qxd4
Bxd4 15. Bxe4 Ba6 16. Rc2 Rac8 17. Rfc1 c5 18. e3 Bg7 19. Bd6 Rfd8 20. Bxc5 f5
21. Bg2 Bd3 22. Rd2 e5 23. b4 e4 24. Bf1 a5 25. a3 axb4 26. axb4 Bf8 27. Rc3
Bxc5 28. bxc5 Rd5 29. Bxd3 exd3 30. Rdxd3 Rxd3 31. Rxd3 Rxc5 32. Rd7 g5 33. h3
h5 34. g4 hxg4 35. hxg4 fxg4 36. Kg2 Rf5 37. Rd4 Kf7 38. Rxg4 Ra5 39. Rb4 Kf6
40. Kf3 Ra2 41. Rb6+ Kf7 42. Kg3 Re2 43. Rd6 Kg7 44. Rd5 Kf6 45. Kf3 Rb2 46. e4
Rb4 47. Rd6+ Kf7 48. Ke3 Ra4 49. f3 Rb4 50. Rd4 Rb2 51. Rd2 Rb4 52. Rd6 Ra4 53.
Rb6 Rc4 54. Rb5 Kf6 55. Rf5+ Kg6 56. Rd5 Ra4 57. Rd4 Ra3+ 58. Kf2 Ra1 59. Rd6+
Kf7 60. Kg3 Rg1+ 61. Kh2 Re1 62. Kh3 Rg1 63. Ra6 Kg7 64. Rb6 Kf7 65. Rd6 Kg7
66. Kh2 Re1 67. Kg3 Rg1+ 68. Kf2 Ra1 69. Ke3 Ra4 70. e5 Rf4 71. Rd7+ Kg6 72. e6
Kf6 73. e7 Kf7 74. Rd4 Kxe7 1/2-1/2

[Event "Deutsche Schachbundesliga 2010/11"]
[Site "Germany"]
[Date "2010.12.11"]
[Round "5"]
[White "Dautov, Rustem"]
[Black "Reeh, Oliver"]
[Result "1-0"]
[ECO "E62"]
[WhiteElo "2602"]
[BlackElo "2454"]
[PlyCount "67"]
[EventDate "2010.??.??"]
[TimeControl "40/6000+30:20/3000+30:900+30"]

1. d4 Nf6 2. c4 g6 3. g3 Bg7 4. Bg2 O-O 5. Nc3 d6 6. Nf3 Nc6 7. O-O Bf5 8. Ne1
Qc8 9. e4 Bh3 10. Nc2 Bxg2 11. Kxg2 Nd7 12. Be3 e5 13. f3 exd4 14. Nxd4 Nde5
15. b3 f5 16. exf5 Nxd4 17. Bxd4 Qxf5 18. Nd5 Rf7 19. Qe2 c6 20. Ne3 Qh5 21.
Rad1 Re8 22. Ng4 Ree7 23. Bxe5 Bxe5 24. Rfe1 Bf6 25. Qd2 Bg7 26. Qxd6 Rxe1 27.
Rxe1 h6 28. Qb8+ Kh7 29. Qxa7 Qf5 30. Qe3 h5 31. Nf2 Rd7 32. Ne4 Bh6 33. Qe2 h4
34. gxh4 1-0

[Event "Deutsche Schachbundesliga 2010/11"]
[Site "Germany"]
[Date "2010.12.11"]
[Round "5"]
[White "Fridman, Daniel"]
[Black "Bobras, Piotr"]
[Result "1/2-1/2"]
[ECO "A16"]
[WhiteElo "2645"]
[BlackElo "2535"]
[PlyCount "64"]
[EventDate "2010.??.??"]
[TimeControl "40/6000+30:20/3000+30:900+30"]

1. Nf3 Nf6 2. c4 g6 3. Nc3 d5 4. cxd5 Nxd5 5. Qa4+ Nc6 6. Ne5 Qd6 7. Nxc6 Qxc6
8. Qxc6+ bxc6 9. b3 Bg7 10. Bb2 Nxc3 11. Bxc3 Bxc3 12. dxc3 e5 13. g3 a5 14.
Bg2 Ra6 15. O-O Ke7 16. f4 Be6 17. fxe5 Rb8 18. Rf4 Rb5 19. Re4 c5 20. e3 c4
21. bxc4 Rb2 22. Rf4 Rab6 23. Bd5 Rb1+ 24. Rxb1 Rxb1+ 25. Rf1 Rxf1+ 26. Kxf1 c6
27. e4 c5 28. h4 h6 29. Ke2 Kd7 30. Kd2 Kc7 31. Kc2 Kb6 32. Kb3 Kc7 1/2-1/2

[Event "Deutsche Schachbundesliga 2010/11"]
[Site "Germany"]
[Date "2010.12.11"]
[Round "5"]
[White "Ftacnik, Lubomir"]
[Black "Bacrot, Etienne"]
[Result "1/2-1/2"]
[ECO "D75"]
[WhiteElo "2568"]
[BlackElo "2716"]
[PlyCount "45"]
[EventDate "2010.??.??"]
[TimeControl "40/6000+30:20/3000+30:900+30"]

1. Nf3 Nf6 2. c4 c5 3. Nc3 d5 4. cxd5 Nxd5 5. d4 Nxc3 6. bxc3 g6 7. g3 Bg7 8.
Bg2 O-O 9. O-O Nc6 10. Be3 cxd4 11. Nxd4 Na5 12. Qa4 Bd7 13. Qb4 Rc8 14. Rad1
Rc4 15. Qb1 Qe8 16. Bxb7 e5 17. Nf3 Bf5 18. Qb2 Nxb7 19. Qxb7 a5 20. Qa6 Qa4
21. Rd5 Qxa2 22. Nxe5 Rxc3 23. Nc6 1/2-1/2

[Event "Deutsche Schachbundesliga 2010/11"]
[Site "Germany"]
[Date "2010.12.11"]
[Round "5"]
[White "Haslinger, Stewart G"]
[Black "Tregubov, Pavel V"]
[Result "1/2-1/2"]
[ECO "B47"]
[WhiteElo "2543"]
[BlackElo "2598"]
[PlyCount "94"]
[EventDate "2010.??.??"]
[TimeControl "40/6000+30:20/3000+30:900+30"]

1. e4 c5 2. Nf3 Nc6 3. d4 cxd4 4. Nxd4 e6 5. Nc3 Qc7 6. f4 Nxd4 7. Qxd4 a6 8.
Be3 b5 9. O-O-O Bb7 10. Kb1 Nf6 11. Bd3 Be7 12. e5 Nd5 13. Nxd5 Bxd5 14. f5 f6
15. Qg4 O-O 16. exf6 Bxf6 17. fxe6 dxe6 18. Rhf1 Qe5 19. Bd4 Qxd4 20. Bxh7+
Kxh7 21. Rxd4 Bxd4 22. Rxf8 Rxf8 23. c4 Rf1+ 24. Kc2 Rf2+ 25. Kd3 bxc4+ 26.
Kxd4 Rxg2 27. Qh5+ Kg8 28. Qe8+ Kh7 29. Qh5+ Kg8 30. Qe8+ Kh7 31. Qh5+ Kg8 32.
Kc3 Rf2 33. Qe5 Rf5 34. Qd6 Rf3+ 35. Kb4 Rf2 36. Qe5 Rf8 37. Ka5 Rc8 38. Qd6 c3
39. bxc3 Rxc3 40. Qb8+ Kh7 41. Qb2 Rc6 42. a3 Kg6 43. Qe5 Rc5+ 44. Kb6 Rc6+ 45.
Ka5 Rc5+ 46. Kb6 Rc6+ 47. Ka5 Rc5+ 1/2-1/2

[Event "Deutsche Schachbundesliga 2010/11"]
[Site "Germany"]
[Date "2010.12.11"]
[Round "5"]
[White "Hausrath, Daniel"]
[Black "Brunner, Nicolas"]
[Result "1/2-1/2"]
[ECO "A11"]
[WhiteElo "2537"]
[BlackElo "2462"]
[PlyCount "89"]
[EventDate "2010.??.??"]
[TimeControl "40/6000+30:20/3000+30:900+30"]

1. Nf3 d5 2. g3 Nf6 3. Bg2 c6 4. c4 dxc4 5. O-O Nbd7 6. Qc2 Nb6 7. Na3 Be6 8.
b3 cxb3 9. axb3 g6 10. Nc4 Bg7 11. Na5 Bc8 12. Bb2 O-O 13. e4 Ne8 14. Bxg7 Kxg7
15. Qc3+ Kg8 16. h4 Nf6 17. Rfe1 Qc7 18. d4 Bd7 19. d5 Ne8 20. dxc6 bxc6 21.
Ne5 Rc8 22. Nxd7 Qxd7 23. e5 Nd5 24. Qc5 Ng7 25. Nxc6 Rxc6 26. Qxd5 Qxd5 27.
Bxd5 Rc7 28. Ra5 Rb8 29. Rea1 e6 30. Bc4 Rbb7 31. g4 Kf8 32. f3 Ke7 33. Kf2 h6
34. Ke3 Rd7 35. R1a3 Ne8 36. Ba6 Rbc7 37. Bc4 Rb7 38. Ke4 Ng7 39. Kf4 Ne8 40.
Ke3 Nc7 41. Ke4 Nd5 42. Rc5 Rb4 43. Rca5 Rbb7 44. Rc5 Rb4 45. Rca5 1/2-1/2

[Event "Deutsche Schachbundesliga 2010/11"]
[Site "Germany"]
[Date "2010.12.11"]
[Round "5"]
[White "Heinemann, Thies"]
[Black "Meier, Georg"]
[Result "1/2-1/2"]
[ECO "B42"]
[WhiteElo "2488"]
[BlackElo "2659"]
[PlyCount "74"]
[EventDate "2010.??.??"]
[TimeControl "40/6000+30:20/3000+30:900+30"]

1. e4 c5 2. Nf3 e6 3. d4 cxd4 4. Nxd4 a6 5. Bd3 Bc5 6. Nb3 Be7 7. c4 d6 8. Nc3
Nf6 9. O-O b6 10. Be3 Bb7 11. f3 O-O 12. Qd2 Nbd7 13. Qf2 Rb8 14. Rfd1 Qc7 15.
Rac1 Rfe8 16. Bf1 Rbc8 17. a3 Qb8 18. Kh1 Bd8 19. Nd2 Bc7 20. g3 Qa8 21. Bg2 d5
22. cxd5 exd5 23. Nxd5 Nxd5 24. exd5 Bxd5 25. Nf1 Nf8 26. f4 Bxg2+ 27. Qxg2 Qb8
28. Rc6 Rcd8 29. Rxd8 Bxd8 30. Qd5 h6 31. Kg2 Nh7 32. Qd6 Qa8 33. Qd7 Nf6 {Rc8
Nxd7+ Rxa8 a5} 34. Kf2 Kf8 35. Bd4 {Bf6 Rxe8+ Kxe8 Ke3 Ke7 Nd2 Bxd4+ Kxd4 Kd6
Nc4+ Ke6 Ne3} b5 36. a4 bxa4 {Kc4 g5 Kb5} 37. f5 {Kxa4 gxf4 gxf4 Nc5+ Kxa5 Nd3
b4 Nxf4 b5 Nd3 b6 Nc5 Kb5} Nxd7 {b7 f4 Ng4 h5 Nf2 Kd5 Nd3 f3 Nf4+ Kd6 Nxh5 Kc7
Ng3 Kxb7 Kc4 Kc6 Kd4 Kd6 Ke3 Ne5 Ne4+ Ke6 Ng5+ Kf5 Nxf3 Ng4+ Ke2 Nxh2} 1/2-1/2

[Event "Deutsche Schachbundesliga 2010/11"]
[Site "Germany"]
[Date "2010.12.11"]
[Round "5"]
[White "Kolbus, Dietmar"]
[Black "Saltaev, Mihail"]
[Result "1/2-1/2"]
[ECO "D13"]
[WhiteElo "2332"]
[BlackElo "2483"]
[PlyCount "142"]
[EventDate "2010.??.??"]
[TimeControl "40/6000+30:20/3000+30:900+30"]

1. d4 d5 2. c4 c6 3. cxd5 cxd5 4. Nf3 Nf6 5. Nc3 e6 6. Bf4 Bd6 7. Bxd6 Qxd6 8.
e3 O-O 9. Bd3 a6 10. O-O Nbd7 11. a4 b6 12. Qb3 Bb7 13. Qa3 Qxa3 14. Rxa3 Rfc8
15. Rc1 Kf8 16. Raa1 h6 17. Rc2 Rc7 18. Rac1 Rac8 19. Nb1 Rxc2 20. Rxc2 Rxc2
21. Bxc2 a5 22. Bd3 Bc6 23. b3 Ke7 24. Kf1 Kd6 25. Nc3 Ne8 26. Nb5+ Bxb5 27.
Bxb5 f6 28. Ke2 Nc7 29. Bxd7 Kxd7 30. Kd3 Kd6 31. Nd2 Na6 32. f3 Nb4+ 33. Kc3
Nc6 34. Kd3 e5 35. Nb1 Nb4+ 36. Kd2 Nc6 37. Kd3 f5 38. f4 e4+ 39. Kd2 Na7 40.
Nc3 Kc6 41. h4 Nc8 42. Nb5 Ne7 43. Ke2 Ng6 44. g3 Nf8 45. Nc3 Nd7 46. Ke1 Nf6
47. Ke2 Nd7 48. Ke1 Nb8 49. Kd2 Na6 50. Nd1 Kd6 51. Nf2 Ke6 52. g4 Kf6 53. h5
Nb4 54. gxf5 Kxf5 55. Ke2 Nc6 56. Kf1 Nb8 57. Kg2 Na6 58. Kf1 Nc7 59. Kg2 b5
60. Kg3 bxa4 61. bxa4 Na8 62. Nd1 Nb6 63. Nc3 Ke6 64. Kg4 Nd7 65. f5+ Kd6 66.
Kg3 Nf6 67. Kh4 Kc6 68. Nb5 Nd7 69. Kg3 Nf6 70. Kh4 Nd7 71. Kg3 Nf6 1/2-1/2

[Event "Deutsche Schachbundesliga 2010/11"]
[Site "Germany"]
[Date "2010.12.11"]
[Round "5"]
[White "Landa, Konstantin"]
[Black "Seger, Ruediger"]
[Result "1-0"]
[ECO "D90"]
[WhiteElo "2611"]
[BlackElo "2416"]
[PlyCount "96"]
[EventDate "2010.??.??"]
[TimeControl "40/6000+30:20/3000+30:900+30"]

1. Nf3 Nf6 2. c4 g6 3. Nc3 d5 4. cxd5 Nxd5 5. Qb3 Nb6 6. d4 Bg7 7. Bf4 O-O 8.
e3 c6 9. Be2 Be6 10. Qa3 N8d7 11. O-O Bg4 12. Rad1 Re8 13. Qb3 Be6 14. Qc2 Bg4
15. Qb3 Be6 16. Qa3 Bg4 17. Bg5 Bf6 18. Bxf6 Nxf6 19. e4 Qc7 20. Qb3 Bxf3 21.
Bxf3 e5 22. dxe5 Rxe5 23. g3 Ree8 24. Bg2 Rad8 25. f4 Rxd1 26. Rxd1 Rd8 27. e5
Rxd1+ 28. Qxd1 Nfd5 29. Ne4 Nc8 30. Qd4 Qa5 31. Kf2 Nce7 32. Bh3 Qb4 33. Qxb4
Nxb4 34. Bf1 b6 35. Nf6+ Kg7 36. Bc4 b5 37. a3 Na6 38. Ba2 Nc5 39. b4 Nb7 40.
g4 c5 41. Ne8+ Kf8 42. Nd6 Nxd6 43. exd6 Nc6 44. bxc5 b4 45. axb4 Nxb4 46. Bc4
a5 47. Bb5 a4 48. c6 h6 1-0

[Event "Deutsche Schachbundesliga 2010/11"]
[Site "Germany"]
[Date "2010.12.11"]
[Round "5"]
[White "Levin, Felix"]
[Black "Korman, Maxim"]
[Result "1/2-1/2"]
[ECO "D40"]
[WhiteElo "2482"]
[BlackElo "2192"]
[PlyCount "91"]
[EventDate "2010.??.??"]
[TimeControl "40/6000+30:20/3000+30:900+30"]

1. Nf3 d5 2. d4 Nf6 3. c4 dxc4 4. e3 e6 5. Bxc4 c5 6. O-O a6 7. Nc3 Nc6 8. a3
b5 9. Ba2 Bb7 10. d5 exd5 11. Nxd5 Nxd5 12. Bxd5 Be7 13. e4 O-O 14. Bf4 Na5 15.
Re1 Bxd5 16. exd5 Bd6 17. Bd2 Nc4 18. Bc3 Qd7 19. Qd3 h6 20. Nh4 Rfe8 21. Nf5
Be5 22. Bxe5 Nxe5 23. Qh3 Qxd5 24. Rad1 Ng6 25. Qg4 Rxe1+ 26. Rxe1 Rd8 27. h4
Qd2 28. Re4 Qd1+ 29. Qxd1 Rxd1+ 30. Kh2 Rd5 31. Re8+ Kh7 32. g4 h5 33. gxh5
Rxf5 34. hxg6+ Kxg6 35. Kg3 Rd5 36. Ra8 Rd6 37. Rc8 c4 38. a4 f6 39. h5+ Kh7
40. f3 Rd3 41. Rc6 Rb3 42. Rxa6 Rxb2 43. axb5 Rxb5 44. Rc6 Rxh5 45. Rxc4 g5 46.
f4 1/2-1/2

[Event "Deutsche Schachbundesliga 2010/11"]
[Site "Germany"]
[Date "2010.12.11"]
[Round "5"]
[White "Nisipeanu, Liviu-Dieter"]
[Black "Mueller, Karsten"]
[Result "1/2-1/2"]
[ECO "D07"]
[WhiteElo "2683"]
[BlackElo "2525"]
[PlyCount "87"]
[EventDate "2010.??.??"]
[TimeControl "40/6000+30:20/3000+30:900+30"]

1. d4 d5 2. c4 Nc6 3. Nc3 Nf6 4. Bg5 Ne4 5. Nxe4 dxe4 6. d5 e6 7. Bxd8 Bb4+ 8.
Qd2 Bxd2+ 9. Kxd2 Nxd8 10. e3 Ke7 11. Ne2 f5 12. Nc3 a6 13. Be2 Nf7 14. Rhd1
Rd8 15. Ke1 b6 16. a4 Bb7 17. a5 exd5 18. Nxd5+ Bxd5 19. cxd5 Rd6 20. b4 b5 21.
Rac1 Kd7 22. Rc5 Rc8 23. h4 g6 24. f3 exf3 25. gxf3 c6 26. e4 f4 27. Bf1 Ke7
28. Bh3 Rc7 29. Ke2 Kf6 30. Rg1 Ne5 31. Rg5 h6 32. Rxe5 Kxe5 33. dxc6+ Kd4 34.
Bd7 Rcxd7 35. cxd7 Rxd7 36. Rc6 Ra7 37. Kd2 Ra8 38. Ke2 Ra7 39. Kd2 Ra8 40.
Rxg6 Kc4 41. Rxh6 Kxb4 42. e5 Re8 43. Rxa6 Rxe5 44. Rf6 1/2-1/2

[Event "Deutsche Schachbundesliga 2010/11"]
[Site "Germany"]
[Date "2010.12.11"]
[Round "5"]
[White "Rogozenco, Dorian"]
[Black "Naiditsch, Arkadij"]
[Result "0-1"]
[ECO "E04"]
[WhiteElo "2522"]
[BlackElo "2674"]
[PlyCount "114"]
[EventDate "2010.??.??"]
[TimeControl "40/6000+30:20/3000+30:900+30"]

1. d4 Nf6 2. c4 e6 3. Nf3 d5 4. g3 dxc4 5. Bg2 a6 6. O-O Nc6 7. Nc3 Rb8 8. e4
b5 9. d5 Nb4 10. b3 cxb3 11. Qxb3 c5 12. dxc6 Nxc6 13. Bf4 Rb7 14. Rad1 Nd7 15.
Rfe1 Qa5 16. Qc2 Bc5 17. e5 Rc7 18. Nd5 exd5 19. e6 fxe6 20. Bxc7 Qxc7 21. Ng5
Nd8 22. Bxd5 Ne5 23. Rxe5 Qxe5 24. Qxc5 exd5 25. Qxc8 O-O 26. Qc1 h6 27. Nh3
Ne6 28. f4 Qd6 29. Nf2 d4 30. Nd3 g5 31. Rf1 gxf4 32. gxf4 Qd5 33. Qd1 Kh7 34.
Qf3 Qxf3 35. Rxf3 Kg6 36. Kf2 Kf5 37. Ke2 Rc8 38. Rh3 Nxf4+ 39. Nxf4 Kxf4 40.
Rxh6 Ke4 41. Re6+ Kd5 42. Rxa6 Rc2+ 43. Kd3 Rxh2 44. Ra8 Rh3+ 45. Kc2 Kc4 46.
Rc8+ Kb4 47. Rd8 Rh2+ 48. Kb1 Kc3 49. Rc8+ Kd3 50. Rb8 Ke3 51. Re8+ Kd2 52. Kb2
d3 53. Kb3 Kd1 54. Rg8 Rh1 55. Kb4 d2 56. Kxb5 Kc2 57. Rd8 Rb1+ 0-1

[Event "Deutsche Schachbundesliga 2010/11"]
[Site "Germany"]
[Date "2010.12.11"]
[Round "5"]
[White "Sebastian, Dirk"]
[Black "Schlosser, Philipp"]
[Result "0-1"]
[ECO "B72"]
[WhiteElo "2439"]
[BlackElo "2574"]
[PlyCount "58"]
[EventDate "2010.??.??"]
[TimeControl "40/6000+30:20/3000+30:900+30"]

1. e4 c5 2. Nf3 Nc6 3. Nc3 g6 4. d4 cxd4 5. Nxd4 Bg7 6. Be3 Nf6 7. Bc4 d6 8. h3
O-O 9. Bb3 Na5 10. O-O b6 11. Re1 Bb7 12. Bg5 h6 13. Bh4 Re8 14. Ba4 Nd7 15.
Nd5 Rc8 16. c3 Nc4 17. Qe2 g5 18. Nf5 e6 19. Nxh6+ Bxh6 20. Bxd7 exd5 21. Bxe8
Qxe8 22. Qh5 Bg7 23. exd5 Qb5 24. Re7 Nxb2 25. Rd1 Bxd5 26. Rd2 Nc4 27. Qg4 Be6
28. Rxe6 Nxd2 29. Re7 Qb1+ 0-1

[Event "Deutsche Schachbundesliga 2010/11"]
[Site "Germany"]
[Date "2010.12.11"]
[Round "5"]
[White "Vallejo Pons, Francisco"]
[Black "Huschenbeth, Niclas"]
[Result "0-1"]
[ECO "B70"]
[WhiteElo "2697"]
[BlackElo "2461"]
[PlyCount "204"]
[EventDate "2010.??.??"]
[TimeControl "40/6000+30:20/3000+30:900+30"]

1. e4 c5 2. Nc3 d6 3. Nge2 Nf6 4. g3 g6 5. d4 cxd4 6. Nxd4 Bg7 7. Bg2 O-O 8.
O-O Bg4 9. Nde2 Qd7 10. f3 Be6 11. Bg5 h6 12. Be3 Nc6 13. Qd2 Kh7 14. Nd5 Ne5
15. Nxf6+ Bxf6 16. b3 Bg7 17. Nf4 Rac8 18. Rac1 b5 19. h3 Nc6 20. c3 a5 21. Nd5
Bxd5 22. Qxd5 Nd4 23. Bxd4 e6 24. Bxg7 exd5 25. Bxf8 Rxf8 26. exd5 Re8 27. Rfe1
Qa7+ 28. Kf1 Rxe1+ 29. Rxe1 Qc5 30. f4 Qxc3 31. Kf2 Qd4+ 32. Kf1 g5 33. Be4+
Kg7 34. fxg5 hxg5 35. Bf3 f5 36. Re7+ Kf8 37. Re2 a4 38. bxa4 bxa4 39. Re1 a3
40. Re2 Qc4 41. Kf2 Qd4+ 42. Kf1 g4 43. hxg4 fxg4 44. Bg2 Kf7 45. Re1 Qd3+ 46.
Kf2 Qd2+ 47. Re2 Qd4+ 48. Kf1 Qa1+ 49. Kf2 Kf8 50. Be4 Qd4+ 51. Kg2 Kf7 52. Kf1
Ke7 53. Bc2+ Kd8 54. Be4 Kc7 55. Kg2 Kb6 56. Kf1 Kc5 57. Rc2+ Kb4 58. Re2 Qf6+
59. Ke1 Kc3 60. Bg2 Qh6 61. Kf2 Qh2 62. Re3+ Kb2 63. Re2+ Ka1 64. Rd2 Qh6 65.
Ke2 Qf6 66. Be4 Qe5 67. Kd3 Qxg3+ 68. Kd4 Qe5+ 69. Kd3 g3 70. Re2 Qf6 71. Rg2
Qf1+ 72. Kc3 Qc1+ 73. Kd3 Qb1+ 74. Kd4 Qb4+ 75. Kd3 Qc5 76. Rc2 Qb5+ 77. Ke3
Qb1 78. Kd3 Qf1+ 79. Kd4 Qf6+ 80. Kd3 Qf1+ 81. Kc3 Qe1+ 82. Kd4 Qg1+ 83. Kd3
Kb1 84. Rg2 Qe1 85. Rd2 Qf1+ 86. Ke3+ Ka1 87. Kd4 Qc1 88. Kd3 Qe1 89. Rg2 Qf1+
90. Kc3 Qf6+ 91. Kd3 Kb1 92. Ke3+ Kc1 93. Rxg3 Qc3+ 94. Bd3 Qe5+ 95. Kf3 Qxd5+
96. Be4 Qd1+ 97. Kf4 Qd2+ 98. Kf5 Qf2+ 99. Kg4 d5 100. Bf5 Kb2 101. Be6 Qe2+
102. Kf5 Qe4+ 0-1

[Event "Deutsche Schachbundesliga 2010/11"]
[Site "Germany"]
[Date "2010.12.11"]
[Round "5"]
[White "Gaponenko, Inna"]
[Black "Mossakowski, Florian"]
[Result "1-0"]
[ECO "B60"]
[WhiteElo "2469"]
[BlackElo "2335"]
[PlyCount "67"]
[EventDate "2010.??.??"]
[WhiteTeam "Aue"]
[BlackTeam "Delmenhorst"]
[TimeControl "40/6000+30:20/3000+30:900+30"]

1. e4 c5 2. Nf3 d6 3. d4 cxd4 4. Nxd4 Nf6 5. Nc3 Nc6 6. Bg5 Bd7 7. Bxf6 gxf6 8.
Nf5 Qa5 9. Bb5 a6 10. Bxc6 bxc6 11. Qd3 Rb8 12. O-O h5 13. b4 Qb6 14. Rab1 Rg8
15. a4 Bxf5 16. exf5 Rg4 17. b5 axb5 18. axb5 Rc8 19. bxc6 Qxc6 20. Nd5 Kd8 21.
c3 e6 22. fxe6 fxe6 23. f3 Rg7 24. Nf4 Re7 25. Rfe1 Kd7 26. Ng6 Rg7 27. Kh1 Be7
28. Nf4 Rg5 29. Nxe6 Re5 30. Rxe5 fxe5 31. Qf5 Ke8 32. Qxh5+ Kd7 33. Qf5 Ke8
34. h3 1-0

[Event "Deutsche Schachbundesliga 2010/11"]
[Site "Germany"]
[Date "2010.12.11"]
[Round "5"]
[White "Jugelt, Tobias"]
[Black "Meijers, Viesturs"]
[Result "0-1"]
[ECO "A45"]
[WhiteElo "2409"]
[BlackElo "2502"]
[PlyCount "86"]
[EventDate "2010.??.??"]
[WhiteTeam "Delmenhorst"]
[BlackTeam "Aue"]
[TimeControl "40/6000+30:20/3000+30:900+30"]

1. d4 Nf6 2. Bf4 e6 3. e3 c5 4. Nd2 b6 5. Qf3 Nc6 6. O-O-O Bb7 7. Bg5 Be7 8. c3
d5 9. Ne2 h6 10. Bxf6 Bxf6 11. Nf4 Bg5 12. h4 Bxf4 13. Qxf4 Rc8 14. Bb5 a6 15.
Bxc6+ Bxc6 16. dxc5 bxc5 17. Ne4 O-O 18. Nxc5 Qa5 19. Nd3 Qxa2 20. Kd2 Rb8 21.
Rb1 a5 22. Rhc1 Qc4 23. Ne5 Qxf4 24. exf4 Be8 25. b3 f6 26. Nd3 Bg6 27. Rb2 Rb5
28. Ra1 Rc8 29. Ra4 h5 30. c4 Rb7 31. cxd5 Rb5 32. Rd4 exd5 33. f3 Bxd3 34.
Kxd3 Rc1 35. f5 Kf7 36. Ra4 Ke7 37. b4 axb4 38. Raxb4 Rxb4 39. Rxb4 Kd6 40. g4
Rc4 41. Rb7 hxg4 42. Rxg7 gxf3 43. Ke3 Rxh4 0-1

[Event "Deutsche Schachbundesliga 2010/11"]
[Site "Germany"]
[Date "2010.12.11"]
[Round "5"]
[White "Margraf, Daniel"]
[Black "Prohaszka, Peter"]
[Result "0-1"]
[ECO "B18"]
[WhiteElo "2264"]
[BlackElo "2529"]
[PlyCount "76"]
[EventDate "2010.??.??"]
[WhiteTeam "Delmenhorst"]
[BlackTeam "Aue"]
[TimeControl "40/6000+30:20/3000+30:900+30"]

1. e4 c6 2. d4 d5 3. Nc3 dxe4 4. Nxe4 Bf5 5. Ng3 Bg6 6. Nh3 e6 7. Nf4 Bd6 8. c3
Nf6 9. Bc4 Nbd7 10. O-O O-O 11. Re1 Qc7 12. Qf3 e5 13. Nxg6 hxg6 14. Ne4 exd4
15. Nxd6 Qxd6 16. Bf4 Qc5 17. Bb3 dxc3 18. bxc3 Rfe8 19. h3 a5 20. a4 Nb6 21.
Be3 Qxc3 22. Bxf7+ Kxf7 23. Rec1 Qd3 24. Bxb6 Qxf3 25. gxf3 Rh8 26. Rcb1 Rxh3
27. Kg2 Rh5 28. Bc7 b5 29. Rc1 Ra6 30. axb5 Rxb5 31. Rc4 Ke6 32. Rca4 Rb7 33.
Rxa5 Rxa5 34. Bxa5 Nd5 35. Bd8 Kf5 36. Ra5 g5 37. Rc5 Rb8 38. Ba5 Rb5 0-1

[Event "Deutsche Schachbundesliga 2010/11"]
[Site "Germany"]
[Date "2010.12.11"]
[Round "5"]
[White "Meyer, Malte"]
[Black "Petr, Martin"]
[Result "0-1"]
[ECO "D87"]
[WhiteElo "2348"]
[BlackElo "2468"]
[PlyCount "104"]
[EventDate "2010.??.??"]
[WhiteTeam "Delmenhorst"]
[BlackTeam "Aue"]
[TimeControl "40/6000+30:20/3000+30:900+30"]

1. d4 Nf6 2. c4 g6 3. Nc3 d5 4. cxd5 Nxd5 5. e4 Nxc3 6. bxc3 Bg7 7. Bc4 c5 8.
Ne2 Nc6 9. Be3 O-O 10. O-O b6 11. Rc1 Bb7 12. Qd2 Rc8 13. Rfd1 cxd4 14. cxd4 e6
15. Bh6 Qh4 16. Bxg7 Kxg7 17. Qe3 Rfd8 18. Bb5 Qf6 19. Bxc6 Rxc6 20. Rxc6 Bxc6
21. d5 exd5 22. e5 Qe7 23. Nd4 Bd7 24. f4 Rc8 25. h3 h6 26. Rd3 Rc4 27. Kh2 Qh4
28. Qd2 Qe7 29. Qb2 Kh7 30. Qf2 Qc5 31. Qe3 Qe7 32. Qf2 a5 33. g4 b5 34. Qe1
Qb4 35. Qe3 Qb2+ 36. Kg3 Qc1 37. Qxc1 Rxc1 38. Nb3 Rg1+ 39. Kf3 a4 40. Nc5 Bc6
41. Ke3 b4 42. Rd2 Rg3+ 43. Kd4 Rc3 44. Nd3 Rc4+ 45. Ke3 a3 46. f5 Ba4 47. Nf4
Re4+ 48. Kf3 Rxe5 49. fxg6+ fxg6 50. Rd4 Re4 51. Rxd5 Bc6 52. Kxe4 b3 0-1

[Event "Deutsche Schachbundesliga 2010/11"]
[Site "Germany"]
[Date "2010.12.11"]
[Round "5"]
[White "Skinke, Katrina"]
[Black "Vasilevich, Tatjana"]
[Result "0-1"]
[ECO "B48"]
[WhiteElo "2217"]
[BlackElo "2399"]
[PlyCount "100"]
[EventDate "2010.??.??"]
[WhiteTeam "Delmenhorst"]
[BlackTeam "Aue"]
[TimeControl "40/6000+30:20/3000+30:900+30"]

1. e4 c5 2. Nf3 e6 3. d4 cxd4 4. Nxd4 Nc6 5. Nc3 Qc7 6. Be3 a6 7. Qd2 Nf6 8. f3
Bb4 9. O-O-O O-O 10. g4 Ne5 11. Bf4 d5 12. Bg3 Bxc3 13. Qxc3 Qxc3 14. bxc3 Nc6
15. e5 Nd7 16. Re1 Nc5 17. Bd3 Bd7 18. Kd2 Rfc8 19. Bf2 Na4 20. Nb3 Rc7 21. Bd4
Rac8 22. Re3 Nxd4 23. cxd4 Bb5 24. Rc1 Bxd3 25. cxd3 Rxc1 26. Nxc1 Nc3 27. Re1
Nb1+ 28. Kd1 b6 29. Rf1 a5 30. f4 a4 31. f5 b5 32. f6 b4 33. g5 g6 34. h4 Nc3+
35. Kd2 Nb1+ 36. Kd1 Kf8 37. Rh1 Nc3+ 38. Kd2 Nb1+ 39. Kd1 Kg8 40. Rf1 Rc7 41.
Rh1 h5 42. Rf1 Kf8 43. Rh1 Ke8 44. Rf1 Kd8 45. Ne2 b3 46. axb3 axb3 47. Nf4 b2
48. Nxe6+ fxe6 49. f7 Rc1+ 50. Ke2 Rxf1 0-1

[Event "Deutsche Schachbundesliga 2010/11"]
[Site "Germany"]
[Date "2010.12.11"]
[Round "5"]
[White "Slobodjan, Roman"]
[Black "Lammers, Markus"]
[Result "1-0"]
[ECO "A05"]
[WhiteElo "2556"]
[BlackElo "2395"]
[PlyCount "55"]
[EventDate "2010.??.??"]
[WhiteTeam "Aue"]
[BlackTeam "Delmenhorst"]
[TimeControl "40/6000+30:20/3000+30:900+30"]

1. Nf3 Nf6 2. g3 b5 3. Bg2 Bb7 4. d3 e6 5. c4 bxc4 6. dxc4 Bb4+ 7. Bd2 a5 8.
O-O O-O 9. Qc2 Na6 10. Nc3 Be7 11. Rfd1 Nc5 12. Be3 Qb8 13. Bd4 Rd8 14. Ng5
Bxg2 15. Bxf6 Bxf6 16. Qxh7+ Kf8 17. Qh5 Bxg5 18. Kxg2 Qxb2 19. Qxg5 d6 20. Qe3
Rab8 21. Nb5 Kg8 22. h4 Rd7 23. h5 Qf6 24. Rab1 Qf5 25. Nxd6 Qxb1 26. Rxb1 Rxb1
27. Ne8 Kf8 28. h6 1-0

[Event "Deutsche Schachbundesliga 2010/11"]
[Site "Germany"]
[Date "2010.12.11"]
[Round "5"]
[White "Spiess, Gunter"]
[Black "Hoeffer, David"]
[Result "1-0"]
[ECO "D41"]
[WhiteElo "2429"]
[BlackElo "2259"]
[PlyCount "67"]
[EventDate "2010.??.??"]
[WhiteTeam "Aue"]
[BlackTeam "Delmenhorst"]
[TimeControl "40/6000+30:20/3000+30:900+30"]

1. Nf3 Nf6 2. c4 c5 3. Nc3 d5 4. cxd5 Nxd5 5. d4 Nxc3 6. bxc3 e6 7. e4 cxd4 8.
cxd4 Be7 9. Bc4 O-O 10. O-O b6 11. Qe2 Bb7 12. Rd1 Qc7 13. Bb2 Qf4 14. d5 exd5
15. exd5 Bf6 16. g3 Qd6 17. Nd4 Nd7 18. Nf5 Qc5 19. Bxf6 Nxf6 20. Rac1 Rad8 21.
Qb2 b5 22. Bb3 Qb6 23. d6 Rd7 24. Qe5 Qxf2+ 25. Kxf2 Ng4+ 26. Kg1 Nxe5 27. Rc5
Re8 28. Ne7+ Rdxe7 29. dxe7 Nc6 30. Rd7 Ba8 31. Rf5 Rxe7 32. Rxe7 Nxe7 33. Rxf7
Nd5 34. Rd7 1-0

[Event "Deutsche Schachbundesliga 2010/11"]
[Site "Germany"]
[Date "2010.12.11"]
[Round "5"]
[White "Wichmann, Cliff"]
[Black "Sturm, Tobias"]
[Result "1-0"]
[ECO "E71"]
[WhiteElo "2341"]
[BlackElo "2037"]
[PlyCount "63"]
[EventDate "2010.??.??"]
[WhiteTeam "Aue"]
[BlackTeam "Delmenhorst"]
[TimeControl "40/6000+30:20/3000+30:900+30"]

1. d4 Nf6 2. c4 g6 3. Nc3 Bg7 4. e4 d6 5. Bd3 O-O 6. h3 e5 7. d5 a5 8. Nge2 Na6
9. O-O Nc5 10. Bc2 h6 11. Be3 b6 12. b3 Bd7 13. a3 Qe8 14. b4 Nb7 15. Qd2 Kh7
16. Rae1 Nh5 17. f4 exf4 18. Nxf4 Qe5 19. Nce2 Nxf4 20. Bxf4 Qb2 21. Rb1 Qxa3
22. Rb3 Qa2 23. Nc3 Bxc3 24. Qxc3 axb4 25. Rxb4 f6 26. Be3 Kg7 27. Bd4 Nc5 28.
Bxf6+ Kh7 29. Rf3 Ba4 30. Rb2 Bxc2 31. Rxa2 Rxa2 32. Bd4 1-0